 Dungeon Crawl Stone Soup version 0.32-a0-630-g46d191b0ed (webtiles) character file.

Game seed: 9073476525950104026

121 Dittersdorf the Shield-Bearer (level 5, -1/33 HPs)
             Began as a Gargoyle Fighter on Mar 6, 2024.
             Killed from afar by Sigmund (4 damage)
             ... with a puff of flame
             ... on level 2 of the Dungeon.
             The game lasted 00:01:44 (1464 turns).

Dittersdorf the Shield-Bearer (Gargoyle Fighter)    Turns: 1464, Time: 00:01:45

Health: -1/33      AC: 13    Str: 21    XL:     5   Next: 5%
Magic:  5/5        EV:  8    Int:  9    God:
Gold:   173        SH:  4    Dex:  9    Spells: 4/4 levels left

rFire   . . .        a - +0 flail
rCold   . . .        c - +0 buckler
rNeg    + . .        l - +0 chain mail
rPois   ∞            (no helmet)
rElec   +            (no cloak)
rCorr   .            (no gloves)
SInv    .            (no boots)
Will    .....        j - amulet of the acrobat Stlth
                     b - ring of flight
HPRegen 0.25/turn    (no ring)
MPRegen 0.09/turn

%: acrobat
@: flying
A: sickness immunity, AC +4, negative energy resistance 1, electricity
resistance, torment resistance 1, petrification resistance
a: no special abilities


You were on level 2 of the Dungeon.
You visited 1 branch of the dungeon, and saw 2 of its levels.

You collected 173 gold pieces.

Inventory:

Hand Weapons
 a - a +0 flail (weapon)
Missiles
 n - a throwing net (quivered)
Armour
 c - a +0 buckler (worn)
 i - a +0 plate armour
 l - a +0 chain mail (worn)
Jewellery
 b - a ring of flight (left hand)
 j - an amulet of the acrobat (around neck)
Scrolls
 e - 3 scrolls of teleportation {unknown}
 f - a scroll of silence {unknown}
 h - a scroll of enchant weapon {unknown}
 k - a scroll of noise {unknown}
 m - a scroll of poison {unknown}
Potions
 d - a potion of might
 g - a potion of attraction {unknown}


   Skills:
 + Level 4.2 Fighting
 + Level 3.0 Maces & Flails
 + Level 4.1 Armour
 + Level 4.2 Shields


You had 4 spell levels left.
You didn't know any spells.
Your spell library contained the following spells:

 Spells                   Type           Power      Damage    Failure   Level
 Passage of Golubria      Tloc           0%         N/A       100%        4
 Silence                  Hex/Air        0%         N/A       100%        5
 Lehudib's Crystal Spear  Conj/Erth      0%         10d2      100%        8


Dungeon Overview and Level Annotations

Branches:
Dungeon (2/15)

Altars:
Uskayaw

Annotations:
D:2 Sigmund


Innate Abilities, Weirdness & Mutations

You are immune to sickness and miasma.
Your stone body is resilient. (AC +4)
You are immune to poison.
You resist negative energy. (rN+)
You are resistant to electric shocks. (rElec)
You are resistant to unholy torment.
You are immune to petrification.


Message History

Sigmund gestures wildly while chanting.
Sigmund flickers and vanishes!
Deactivating autopickup; reactivate with Ctrl-A.
You see here 13 gold pieces.
No target in view!
No target in view!
No target in view!
No target in view!
No target in view!
No target in view!
No target in view!
No target in view!
No target in view!
No target in view!
No target in view!
No target in view!
No target in view!
No target in view!
No target in view!
You closely miss something. Something hits you but does no damage.
You barely miss something. Something hits you but does no damage.
You closely miss something. Something hits you but does no damage.
You sock something! Something hits you!
You closely miss something. You completely miss something.
Something hits you but does no damage.
You sock something! You block something's attack.
You miss something. Something hits you!
You closely miss something. Something hits you but does no damage.
You miss something. Something hits you!
* * * LOW HITPOINT WARNING * * *
You barely miss something. You closely miss something. Something hits you.
* * * LOW HITPOINT WARNING * * *
You miss something. Something hits you.
* * * LOW HITPOINT WARNING * * *
You barely miss something.
You hear some strange, mumbled words.
A puff of flame appears from out of thin air!
The puff of flame hits you.
You die...

..............#
†.......#.....# ..
#.............# .#
#.#.#''#.#..#####.#
....#..#.†......#.##
#.########..###.#...
#.+ +.......# #.+
+....#..###.# #h#
###..#...@{...#
#.)).###..#####
'#.#.......#
......††..>.....#
####.........##### #
########### # # #


There were no monsters in sight!

Vanquished Creatures
  4 gnolls (D:2)
  3 adders (D:2)
  3 ribbon worms (D:2)
  A dart slug (D:2)
  3 bats
  3 endoplasms (D:2)
  4 goblins
  4 hobgoblins
  4 jackals
  5 kobolds
  2 quokkas (D:1)
  4 ball pythons (D:2)
  4 frilled lizards
  3 rats
47 creatures vanquished.

Notes
Turn   | Place    | Note
-------+----------+-------------------------------------------
     0 | D:1      | Dittersdorf the Gargoyle Fighter began the quest for the
                  | Orb.
     0 | D:1      | Reached XP level 1. HP: 14/14 MP: 1/1
   169 | D:1      | Reached XP level 2. HP: 19/19 MP: 2/2
   768 | D:2      | Reached XP level 3. HP: 23/23 MP: 3/3
  1020 | D:2      | Found a hide-covered altar of Uskayaw.
  1064 | D:2      | Reached XP level 4. HP: 17/29 MP: 4/4
  1405 | D:2      | Reached XP level 5. HP: 33/33 MP: 5/5
  1447 | D:2      | Noticed Sigmund
  1464 | D:2      | Killed from afar by Sigmund

Illustrated notes

Levels and vault maps discovered:
D:1:      shiori_arrival_oz, layout_loops_ring
D:2:      layout_loops_cross, basic_altar, minmay_mini_jars, uniq_sigmund

Skill      XL: |  1  2  3  4  5 |
---------------+----------------+-----
Shields        | 4 |  4.2
Fighting       | 4 |  4.2
Armour         | 4 |  4.1
Maces & Flails | 3 |  3.0

Action                     |  1- 3 |  4- 6 || total
---------------------------+-------+-------++-------
  Melee: Flail             |   108 |    83 ||   191
 Armour: Scale mail        |    68 |       ||    68
         Chain mail        |    17 |    75 ||    92
  Dodge: Dodged            |    63 |    41 ||   104
  Block: Buckler           |    22 |    27 ||    49

Table legend: (Time is in decaauts)
 A = Elapsed time spent in this place.
 B = Non-inter-level travel time spent in this place.
 C = Inter-level travel time spent in this place.
 D = Time resting spent in this place.
 E = Time spent auto-exploring this place.
 F = Levels seen in this place.
 G = Mean time per level.
                   A        B        C        D        E       F      G
               +--------+--------+--------+--------+--------+-----+--------+
         Total |   1519 |   1459 |     60 |    150 |    883 |   2 |  759.5 |
       Dungeon |   1519 |   1459 |     60 |    150 |    883 |   2 |  759.5 |
               +--------+--------+--------+--------+--------+-----+--------+

Top non-repeatable levels by time:
     D:2: 802 daAuts
     D:1: 716 daAuts
